 Dungeon Crawl Stone Soup version 0.25-a0-591-g2ad0d86 (webtiles) character file.

Game seed: 11866961371826684678, levelgen mode: deterministic

140 robertstho the Covered (level 5, -1/46 HPs)
             Began as a Minotaur Fighter on Mar 13, 2020.
             Slain by a phantom (2 damage)
             ... on level 3 of the Dungeon.
             The game lasted 00:03:54 (2029 turns).

robertstho the Covered (Minotaur Fighter)           Turns: 2029, Time: 00:03:54

Health: -1/46      AC:  9    Str: 20    XL:     5   Next: 2%
Magic:  4/4        EV:  7    Int:  5    God:
Gold:   82         SH:  9    Dex: 11    Spells: 4/4 levels left

rFire    . . .     SeeInvis .   a - +0 war axe
rCold    . . .     Gourm    .   c - +0 kite shield
rNeg     . . .     Faith    .   b - +0 scale mail
rPois    .         Spirit   .   (helmet restricted)
rElec    .         Reflect  .   q - +0 cloak
rCorr    .         Harm     .   (no gloves)
MR       .....                  g - +0 pair of boots
Stlth    ..........             (no amulet)
HPRegen  0.15/turn              (no ring)
MPRegen  0.09/turn              (no ring)

@: mighty, flying
A: retaliatory headbutt, horns 2
a: no special abilities


You were on level 3 of the Dungeon.
You were not hungry.

You visited 1 branch of the dungeon, and saw 4 of its levels.

You collected 82 gold pieces.

Inventory:

Hand Weapons
 a - a +0 war axe (weapon)
Armour
 b - a +0 scale mail (worn)
 c - a +0 kite shield (worn)
 g - a +0 pair of boots (worn)
 q - a +0 cloak (worn)
Jewellery
 p - a +3 ring of protection {unknown}
Scrolls
 j - 2 scrolls of enchant armour {unknown}
 k - a scroll of immolation {unknown}
 l - a scroll of identify {unknown}
 m - a scroll of magic mapping {unknown}
 o - 3 scrolls of noise {unknown}
 r - a scroll of teleportation {unknown}
 t - a scroll of fear {unknown}
 v - a scroll of remove curse {unknown}
Potions
 e - a potion of magic
 i - a potion of berserk rage {unknown}
 n - a potion of ambrosia {unknown}
 u - a potion of haste {unknown}
Comestibles
 f - 12 rations


   Skills:
 * Level 4.2 Fighting
 + Level 4.2 Axes
 * Level 4.8 Armour
 + Level 0.1 Dodging
 + Level 4.3 Shields


You had 4 spell levels left.
You didn't know any spells.
Your spell library was empty.

Dungeon Overview and Level Annotations

Branches:
Dungeon (4/15)
 Temple: D:4-7

Altars:
Ashenzari

Annotations:
D:3 3 runed translucent doors, icemanSX's ghost, amateur DsGl


Innate Abilities, Weirdness & Mutations

You reflexively headbutt those who attack you in melee.
You have a pair of horns on your head.


Message History

You climb upwards.
Level annotation: 3 runed translucent doors, icemanSX's ghost, amateur DsGl
There is a stone staircase leading down here.
You see here a frilled lizard skeleton.
You miss the leopard gecko. You headbutt the leopard gecko.
You kill the leopard gecko!
You slash the phantom! The phantom hits you.
* * * LOW HITPOINT WARNING * * *
The phantom blinks!
Unknown command.
It was a potion of magic.
Magic courses through your body.
You slice the phantom!!
The phantom is heavily damaged.
The phantom hits you.
* * * LOW HITPOINT WARNING * * *
The phantom hits you but does no damage.
It was a potion of flight.
You feel very buoyant.
You fly up into the air.
The phantom hits you.
You die...

#.......############
##.###.............#
#.###.###########.##
#....<.............#
######################
....................#
####...####......##.#
#...# #.####.##.#
#...# #.# #@##.#
####...####)####W##.#
...............>)##.#
.................##.#
###########.##....#.#
#.###...#.#
#.........#
######.#..# #....#


You could see a phantom.

Vanquished Creatures
  4 adders
  A gnoll (D:4)
  An ooze (D:1)
  2 worms
  3 dart slugs (D:2)
  3 leopard geckos
  8 bats
  7 giant cockroaches
  8 goblins
  7 hobgoblins
  3 jackals (D:1)
  4 quokkas
  2 ball pythons (D:1)
  4 frilled lizards
  9 kobolds
  6 rats
72 creatures vanquished.

Notes
Turn   | Place    | Note
-------+----------+-------------------------------------------
     0 | D:1      | robertstho the Minotaur Fighter began the quest for the
                  | Orb.
     0 | D:1      | Reached XP level 1. HP: 19/19 MP: 0/0
   130 | D:1      | Reached XP level 2. HP: 26/26 MP: 1/1
   422 | D:1      | Reached XP level 3. HP: 33/33 MP: 2/2
   762 | D:2      | Found a shattered altar of Ashenzari.
   924 | D:2      | Reached XP level 4. HP: 32/40 MP: 3/3
  1478 | D:3      | Found a runed translucent gate.
  1478 | D:3      | Found a runed translucent gate.
  1478 | D:3      | Found a runed translucent gate.
  1478 | D:3      | Noticed icemanSX's ghost (amateur DsGl)
  2012 | D:4      | Noticed a phantom
  2019 | D:4      | Reached XP level 5. HP: 24/46 MP: 4/4
  2028 | D:3      | HP: 1/46 [phantom (6)]
  2029 | D:3      | Slain by a phantom

Levels and vault maps discovered:
D:1:      matt_arrival_refuge, layout_loops_ring, minmay_door_square
D:2:      layout_loops_ring, ashenzari_conservatory_becter
D:3:      layout_basic, ebering_ghost_rock_garden, first_ration
D:4:      layout_rooms, minmay_temple_entry_slanted, kennysheep_generic_room_7,
          uniq_sigmund

Skill      XL: |  1  2  3  4 |
---------------+-------------+-----
Armour         | 4 |  4.8
Axes           | 3 4 |  4.2
Fighting       | 4 |  4.2
Shields        | 4 |  4.3
Dodging        | |  0.1

Action                   |  1- 3 |  4- 6 || total
-------------------------+-------+-------++-------
Melee: War axe           |    94 |    76 ||   170
       Headbutt          |    10 |    11 ||    21
  Use: Potion            |       |     3 ||     3
  Eat: Chunk             |       |     4 ||     4
Armor: Scale mail        |    46 |    37 ||    83
Dodge: Dodged            |    35 |    27 ||    62
Block: Kite shield       |    59 |    54 ||   113

Table legend:
 A = Non-vault XP
 B = Vault XP
 C = Vault XP percentage of total XP
 D = Non-vault monster count
 E = Vault monster count
 F = Vault count percentage of total count
                 A         B        C        D         E       F
            +---------+---------+-------+---------+---------+-------
      Total |     200 |       0 |   0.0 |      72 |       0 |   0.0
            +---------+---------+-------+---------+---------+-------
        D:1 |      48 |       0 |   0.0 |      25 |       0 |   0.0
        D:2 |      85 |       0 |   0.0 |      23 |       0 |   0.0
        D:3 |      51 |       0 |   0.0 |      22 |       0 |   0.0
        D:4 |      16 |       0 |   0.0 |       2 |       0 |   0.0
            +---------+---------+-------+---------+---------+-------
